 Dungeon Crawl Stone Soup version 0.29-a0-284-gf9362112df (webtiles) character file.

Game seed: 17602192909647759964

56 drugrobin the Skirmisher (level 3, 0/31 HPs)
             Began as a Demigod Fighter on Mar 22, 2022.
             Slain by an orc
             ... wielding a +0 dagger
              (3 damage)
             ... on level 3 of the Dungeon.
             The game lasted 00:03:44 (1636 turns).

drugrobin the Skirmisher (Demigod Fighter)          Turns: 1636, Time: 00:03:44

Health: 0/31       AC:  6    Str: 21    XL:     3   Next: 48%
Magic:  5/5        EV:  9    Int: 10    God:
Gold:   85         SH:  4    Dex: 13    Spells: 2/2 levels left

rFire   . . .      SeeInvis .   a - +0 war axe
rCold   . . .      Faith    .   f - +0 buckler
rNeg    . . .      Spirit   .   b - +0 scale mail
rPois   .          Reflect  .   (no helmet)
rElec   .          Harm     .   (no cloak)
rCorr   .          Rampage  .   (no gloves)
Will    .....                   (no boots)
Stlth   ..........              (no amulet)
HPRegen 0.10/turn               (no ring)
MPRegen 0.09/turn               (no ring)

@: no status effects
A: high MP 1, forlorn, divine attributes
a: no special abilities


You were on level 3 of the Dungeon.
You visited 1 branch of the dungeon, and saw 3 of its levels.

You collected 85 gold pieces.

Inventory:

Hand Weapons
 a - a +0 war axe (weapon)
 c - a +0 mace of holy wrath
 d - a +0 hand axe
Armour
 b - a +0 scale mail (worn)
 f - a +0 buckler (worn)
Scrolls
 e - 3 scrolls of identify {unknown}
 g - a scroll of fear {unknown}
Potions
 h - a potion of mutation {unknown}
 i - a potion of cancellation {unknown}
 j - 3 potions of might
 k - a potion of haste {unknown}


   Skills:
 + Level 3.3 Fighting
 * Level 3.2 Axes
 - Level 2.6 Armour
 - Level 2.6 Shields


You had 2 spell levels left.
You didn't know any spells.
Your spell library was empty.

Dungeon Overview and Level Annotations

Branches:
Dungeon (3/15)

Annotations:
D:2 Terence


Innate Abilities, Weirdness & Mutations

You have an increased reservoir of magic. (+10% MP)
You shall have no god before yourself.
Your divine heritage dramatically boosts your attributes as you level up.


Message History

Unknown command.
You slash the ball python!
You kill the ball python!
You feel sick.
You are no longer poisoned.
The giant cockroach bites you but does no damage.
Unknown command.
Unknown command.
You slash the giant cockroach!
You kill the giant cockroach!
You start resting.
An orc comes into view. It is wielding a +0 dagger.
Unknown command.
You start resting.
An orc is nearby!
Unknown command.
Unknown command.
You start resting.
An orc is nearby!
You barely miss the orc. The orc hits you but does no damage. x2
You closely miss the orc. The orc hits you with a +0 dagger.
* * * LOW HITPOINT WARNING * * *
You hit the orc.
The orc is moderately wounded.
The orc hits you with a +0 dagger.
* * * LOW HITPOINT WARNING * * *
You barely miss the orc.
The orc is moderately wounded.
The orc hits you with a +0 dagger.
* * * LOW HITPOINT WARNING * * *
The orc hits you but does no damage.
You closely miss the orc.
The orc is moderately wounded.
The orc completely misses you.
Unknown command.
Unknown command.
You barely miss the orc.
The orc is moderately wounded.
The orc hits you with a +0 dagger.
You die...

.. .. B
..######## ..
........# [.#
##.o.#.#.### ..
.. ........>.
#(..#.#...# #..#
#......<..#.#..#
#...#.....#..@.#
# #.#.#.####o#
.....#.o....#
#.#.##########
#.#. # #


You could see an orc.

Vanquished Creatures
  3 adders
  A dart slug (D:1)
  3 endoplasms
  3 giant cockroaches
  2 kobolds (D:1)
  4 quokkas (D:1)
  5 ball pythons
  3 bats
  2 frilled lizards (D:2)
  2 rats (D:1)
28 creatures vanquished.

Vanquished Creatures (others)
  7 toadstools (D:1)
7 creatures vanquished.

Grand Total: 35 creatures vanquished

Notes
Turn   | Place    | Note
-------+----------+-------------------------------------------
     0 | D:1      | drugrobin the Demigod Fighter began the quest for the Orb.
     0 | D:1      | Reached XP level 1. HP: 18/18 MP: 3/3
   696 | D:1      | Reached XP level 2. HP: 25/25 MP: 4/4
  1542 | D:2      | Reached XP level 3. HP: 31/31 MP: 5/5
  1573 | D:2      | Noticed Terence
  1636 | D:3      | Slain by an orc

Illustrated notes

Levels and vault maps discovered:
D:1:      nagdon_arrival_double_spiral, layout_loops_corners,
          hellmonk_ecumenical_altar_slurped_away
D:2:      layout_loops_corners, chequers_serial_rivers_micro_a,
          chequers_serial_rivers_small_3, minmay_misc_feat_pillars, uniq_terence
D:3:      minmay_chambers_of_twos, layout_basic, uniq_natasha

Skill      XL: |  1  2  3 |
---------------+----------+-----
Axes           | 2 3 |  3.2
Fighting       | 3 |  3.3
Armour         | |  2.6
Shields        | |  2.6

Action                   || total
-------------------------++-------
Melee: War axe           ||   104
Armor: Scale mail        ||    50
Dodge: Dodged            ||    52
Block: Buckler           ||    27

Table legend: (Time is in decaauts)
 A = Elapsed time spent in this place.
 B = Non-inter-level travel time spent in this place.
 C = Inter-level travel time spent in this place.
 D = Time resting spent in this place.
 E = Time spent auto-exploring this place.
 F = Levels seen in this place.
 G = Mean time per level.
                   A        B        C        D        E       F      G
               +--------+--------+--------+--------+--------+-----+--------+
         Total |   1714 |   1690 |     24 |    253 |   1016 |   3 |  571.3 |
       Dungeon |   1714 |   1690 |     24 |    253 |   1016 |   3 |  571.3 |
               +--------+--------+--------+--------+--------+-----+--------+

Top non-repeatable levels by time:
     D:1: 1246 daAuts
     D:2: 409 daAuts
     D:3: 58 daAuts
